AoeStats
← Oki Doki

Arena

510878241Analyzed
3v3 RM · 19h ago on Oct 2, 2026· 42m 36s· 6 players
Game mode
Random Map
Map size
Normal (6 player)
Population
200
Speed
Normal
Resources
Standard
Victory
Conquest
Starting age
Dark Age
Ending age
Imperial Age
RankedLock teamsTeams togetherTeam positionsShared explorationLock speedFull tech treeHidden civsTurbo modeCheats
Victory
Defeat
🇵🇪 Persians · Peru
1414
+8
🇵🇪 Italians · Peru
1241
+13
🇵🇪 Persians · Peru
1168
+16
🇺🇸 Bengalis · United States
1209
-13
🇬🇧 Japanese · United Kingdom
1196
-12
🇬🇧 Britons · United Kingdom
1193
-12
biodegradable plastic
10:39 Feudal Age
11:55 Double-Bit Axe
17:01 Castle Age
14:56 Stone Mining
17:07 Horse Collar
18:12 Gold Mining
18:44 Bow Saw
20:26 Wheelbarrow
20:32 Loom
22:51 Hand Cart
29:25 Imperial Age
26:43 Treadmill Crane
27:18 Heavy Plow
27:21 Gold Mining
27:49 Fortified Wall
27:49 Fletching
28:18 Guard Tower
29:38 Masonry
29:32 Bodkin Arrow
32:17 Gold Shaft Mining
32:28 Keep
31:39 Arrowslits
32:19 Conscription
32:44 Bracer
33:11 Kataparuto
32:55 Yasama
33:05 Pikeman
33:48 Squires
34:00 Forging
33:50 Scale Mail Armor
33:55 Halberdier
35:16 Iron Casting
36:10 Chemistry
36:23 Chain Mail Armor
38:00 Blast Furnace
37:44 Ballistics
38:40 Plate Mail Armor
Quilted Codpiece
10:43 Feudal Age
11:50 Double-Bit Axe
14:30 Castle Age
13:36 Horse Collar
15:20 Light Cavalry
16:36 Loom
17:27 Wheelbarrow
18:20 Bow Saw
20:50 Elite Skirmisher
21:47 Fletching
23:26 Husbandry
23:36 Bloodlines
24:09 Bodkin Arrow
33:30 Paiks
35:38 Hand Cart
35:09 Town Watch
The Laughing Storm
11:13 Feudal Age
15:49 Castle Age
14:16 Double-Bit Axe
16:49 Bow Saw
16:38 Horse Collar
20:39 Stone Mining
20:39 Gold Mining
22:45 Gold Shaft Mining
22:31 Heavy Plow
23:24 Wheelbarrow
24:39 Hand Cart
26:30 Loom
29:49 Imperial Age
27:16 Fletching
27:49 Ballistics
27:10 Treadmill Crane
28:07 Bodkin Arrow
28:52 Fortified Wall
28:39 Murder Holes
30:11 Masonry
29:38 Crossbowman
29:52 Elite Longbowman
30:53 Conscription
30:49 Bracer
31:57 Chemistry
32:13 Yeomen
32:31 Padded Archer Armor
32:19 Arbalester
34:32 Leather Archer Armor
36:36 Ring Archer Armor
38:55 Man-at-Arms
39:22 Gambesons
39:38 Squires
41:34 Scale Mail Armor
41:09 Pikeman
43:00 Chain Mail Armor
42:58 Forging
42:24 Halberdier
Oki Doki
0:26 Loom
10:29 Feudal Age
10:55 Double-Bit Axe
10:52 Horse Collar
18:09 Castle Age
19:14 Wheelbarrow
20:51 Bow Saw
21:59 Heavy Plow
24:07 Husbandry
27:06 Scale Barding Armor
27:12 Forging
34:44 Imperial Age
32:32 Hand Cart
32:52 Bloodlines
34:05 Chain Barding Armor
35:21 Conscription
35:47 Plate Barding Armor
35:47 Iron Casting
35:32 Fletching
35:06 Cavalier
38:14 Bodkin Arrow
38:50 Savar
41:00 Chemistry
39:29 Heavy Scorpion
41:35 Kamandaran
44:01 Blast Furnace
gobenjc
10:32 Feudal Age
11:59 Loom
15:02 Castle Age
14:20 Double-Bit Axe
14:18 Horse Collar
15:27 Town Watch
16:15 Bow Saw
19:17 Fletching
25:53 Imperial Age
24:17 Bodkin Arrow
24:23 Padded Archer Armor
25:15 Ballistics
26:09 Leather Archer Armor
28:12 Chemistry
28:45 Conscription
32:15 Wheelbarrow
31:45 Bracer
39:05 Elite Genoese Crossbowman
42:07 Ring Archer Armor
tomitom
10:52 Feudal Age
14:21 Castle Age
15:20 Double-Bit Axe
15:25 Horse Collar
27:14 Imperial Age
24:32 Loom
25:28 Wheelbarrow
24:59 Town Watch
26:04 Scale Barding Armor
26:14 Bow Saw
26:22 Bloodlines
26:55 Forging
27:07 Chain Barding Armor
27:33 Husbandry
26:54 Cavalier
28:13 Iron Casting
28:30 Plate Barding Armor
28:38 Hand Cart
28:36 Gold Mining
29:59 Blast Furnace
29:30 Heavy Plow
28:52 Savar
30:58 Two-Man Saw
30:52 Capped Ram
32:09 Siege Ram
35:16 Crop Rotation
34:41 Fletching
35:54 Chemistry
35:26 Bodkin Arrow
37:00 Padded Archer Armor
37:22 Ballistics
40:57 Conscription
41:41 Heavy Scorpion
41:47 Onager
43:34 Hoardings
Connection lost

Rejoining the realm…

Still unreachable

The connection could not be restored.

Session expired

The server has moved on; the page needs a fresh start.